 Dungeon Crawl Stone Soup version 0.30-a0-335-ge5acde7520 (webtiles) character file.

Game seed: 9549681107350055669

2443049 Sergey the Hawkeye (level 26, 242/242 HPs)
             Began as a Minotaur Artificer on Oct 30, 2022.
             Was a High Priest of Okawaru.
             Escaped with the Orb
             ... and 4 runes on Oct 31, 2022!
             The game lasted 02:51:34 (63358 turns).

Sergey the Hawkeye (Minotaur Artificer)            Turns: 63358, Time: 02:51:35

Health: 242/242    AC: 45    Str: 26    XL:     26   Next: 1%
Magic:  33/33      EV:  8    Int:  8    God:    Okawaru [*****.]
Gold:   5999       SH: 22    Dex: 13    Spells: 26/29 levels left

rFire   + + .      SeeInvis .    w - +9 broad axe (freeze)
rCold   + + .      Faith    .    I - +1 tower shield {AC+3}
rNeg    + . .      Spirit   .    t - +8 gold dragon scales
rPois   +          Reflect  .    h - +2 hat of Bad Feelings {Slay+3 Stlth+}
rElec   +          Harm     .    k - +0 cloak "Qadwixtad" {rN+}
rCorr   +          Rampage  .    E - +2 pair of gloves {hurl}
Will    ++...                    Q - +1 pair of boots "Binlosh" {rC+ Will+ Regen+ Str-5}
Stlth   ..........               Y - amulet of regeneration
HPRegen 2.20/turn                a - ring of the Final Chapter {Wiz rElec}
MPRegen 0.23/turn                z - ring "Atohab" {rF+ rCorr Str+2 Dex+2}

@: no status effects
A: horns 2, retaliatory headbutt, talons 1, devolution 1
0: Orb of Zot
}: 4/15 runes: barnacled, slimy, silver, gossamer
a: Renounce Religion, Heroism, Finesse, Duel


You escaped.
You worshipped Okawaru.
Okawaru was extremely pleased with you.
You visited 11 branches of the dungeon, and saw 53 of its levels.
You visited 1 bazaar.
You also visited: Trove, Bailey, Ice Cave, Volcano and Wizlab.

You collected 10461 gold pieces.
You spent 4462 gold pieces at shops.

Inventory:

Hand Weapons
 w - a +9 broad axe of freezing (weapon)
Missiles
 d - 21 silver javelins
 m - a throwing net
 o - 38 curare-tipped darts
 A - 26 datura-tipped darts {!f}
 F - 24 javelins
 H - 4 boomerangs of dispersal
 K - 7 boomerangs (quivered)
Armour
 h - the +2 hat of Bad Feelings (worn) {Slay+3 Stlth+}
   (Okawaru gifted it to you on level 4 of the Realm of Zot)

   Slay:      It affects your accuracy & damage with ranged weapons and melee
   (+3).
   Stlth:     It makes you more stealthy.
 k - the +0 cloak "Qadwixtad" (worn) {rN+}
   (You found it on level 3 of the Elven Halls)

   rN:        It protects you from negative energy.
 l - the +18 shield of the Gong {rElec rN+ Will+ EV-5}
   (You found it on level 1 of the Vaults)

   It is deafeningly noisy when blocking attacks.
   EV:        It affects your evasion (-5).
   rElec:     It insulates you from electricity.
   rN:        It protects you from negative energy.
   Will:      It increases your willpower.
 t - +8 gold dragon scales (worn)
 C - a +2 cloak of stealth
 E - a +2 pair of gloves of hurling (worn)
 I - a +1 tower shield of protection (worn)
 Q - the +1 pair of boots "Binlosh" (worn) {rC+ Will+ Regen+ Str-5}
   (You acquired it on level 4 of the Spider Nest)

   Str:       It affects your strength (-5).
   rC:        It protects you from cold.
   Regen:     It increases your rate of health regeneration.
   Will:      It increases your willpower.
 Z - the -1 cloak "Xidues" {rC+ Will+ rCorr MP+9}
   (You bought it in a shop on level 5 of the Vaults)

   rC:        It protects you from cold.
   MP:        It affects your magic capacity (+9).
   rCorr:     It protects you from acid and corrosion.
   Will:      It increases your willpower.
Jewellery
 a - the ring of the Final Chapter (left hand) {Wiz rElec}
   (You found it on level 4 of the Lair of Beasts)

   [ring of wizardry]

   It improves your spell success rate.
   rElec:     It insulates you from electricity.
 j - the ring "Doammago" {rN+ Str+4}
   (You found it in a treasure trove)

   [ring of positive energy]

   Str:       It affects your strength (+4).
   rN:        It protects you from negative energy.
 n - the ring of Miokk {rPois rF+ rCorr SInv}
   (You found it in a treasure trove)

   [ring of poison resistance]

   rF:        It protects you from fire.
   rPois:     It protects you from poison.
   SInv:      It lets you see invisible.
   rCorr:     It protects you from acid and corrosion.
 z - the ring "Atohab" (right hand) {rF+ rCorr Str+2 Dex+2}
   (You bought it in a shop on level 5 of the Dungeon)

   [ring of protection from fire]

   Str:       It affects your strength (+2).
   Dex:       It affects your dexterity (+2).
   rF:        It protects you from fire.
   rCorr:     It protects you from acid and corrosion.
 R - a ring of willpower
 Y - an amulet of regeneration (around neck)
Wands
 c - a wand of acid (18)
 i - a wand of iceblast (44)
 v - a wand of digging (13)
 J - a wand of mindburst (5)
 S - a wand of paralysis (33)
Scrolls
 b - a scroll of enchant weapon
 f - 14 scrolls of poison
 g - 22 scrolls of teleportation {@r3}
 G - 7 scrolls of vulnerability {!r}
 O - 4 scrolls of silence {!r}
 T - 9 scrolls of fear
 U - 7 scrolls of blinking {@r4}
 X - 8 scrolls of immolation
Potions
 e - 3 potions of magic
 p - 6 potions of cancellation
 r - 11 potions of flight
 s - 4 potions of haste {@q5}
 u - 6 potions of lignification
 x - 7 potions of heal wounds {@q1}
 y - 11 potions of mutation
 B - 18 potions of curing {@q2}
 D - 5 potions of invisibility
 M - 11 potions of might {@q3}
 N - 2 potions of resistance
 P - 18 potions of ambrosia
Miscellaneous
 L - a phial of floods
 V - a condenser vane


   Skills:
 + Level 20.9 Fighting
 + Level 20.8(22.3) Axes
 - Level 14.0(19.0) Maces & Flails
 + Level 21.2 Throwing
 + Level 20.9 Armour
 - Level 8.0 Dodging
 + Level 8.7 Stealth
 + Level 20.9 Shields
 - Level 2.0 Spellcasting
 + Level 9.1 Translocations
 - Level 15.0 Invocations
 - Level 12.0 Evocations


You had 26 spell levels left.
You knew the following spells:

 Your Spells              Type           Power      Damage    Failure   Level
e - Blink                 Tloc           30%        N/A       12%         2
j - Apportation           Tloc           30%        N/A       9%          1

Your spell library contained the following spells:

 Spells                   Type           Power      Damage    Failure   Level
 Gell's Gravitas          Tloc           15%        N/A       24%         3
 Lesser Beckoning         Tloc           30%        N/A       24%         3
 Teleport Other           Tloc           15%        N/A       24%         3
 Momentum Strike          Conj/Tloc      16%        3d8       58%         2
 Manifold Assault         Tloc           15%        N/A       58%         4
 Passage of Golubria      Tloc           15%        N/A       58%         4
 Portal Projectile        Hex/Tloc       16%        N/A       82%         3
 Vhi's Electric Charge    Tloc/Air       16%        N/A       82%         3
 Kindle Blastsparks       Fire/Tloc/Air  10%        2d10      95%         3
 Foxfire                  Conj/Fire      0%         2x1d4     96%         1
 Magic Dart               Conj           0%         1d3       96%         1
 Necrotise                Necr           0%         1d4       96%         1
 Sandblast                Erth           0%         2d4       96%         1
 Cigotuvi's Dreadful Rot  Necr/Pois/Air  0%         N/A       99%         2
 Ensorcelled Hibernation  Hex/Ice        0%         N/A       99%         2
 Passwall                 Tmut/Erth      0%         N/A       99%         2
 Scorch                   Fire           0%         2d5       99%         2
 Sublimation of Blood     Necr           0%         N/A       99%         2
 Iskenderun's Mystic Bla  Conj/Tloc      8%         2d4       99%         4
 Dazzling Flash           Conj/Hex       0%         N/A       100%        3
 Ignite Poison            Fire/Tmut/Pois 0%         N/A       100%        3
 Inner Flame              Hex/Fire       0%         N/A       100%        3
 Mephitic Cloud           Conj/Pois/Air  0%         N/A       100%        3
 Ozocubu's Armour         Ice            0%         N/A       100%        3
 Spider Form              Tmut/Pois      0%         N/A       100%        3
 Stone Arrow              Conj/Erth      0%         3d7       100%        3
 Swiftness                Air            0%         N/A       100%        3
 Vampiric Draining        Necr           0%         2d6       100%        3
 Airstrike                Air            0%         2d(0-16)  100%        4
 Anguish                  Hex/Necr       0%         N/A       100%        4
 Cause Fear               Hex            0%         N/A       100%        4
 Dispel Undead            Necr           0%         3d6       100%        4
 Flame Wave               Conj/Fire      0%         2d4       100%        4
 Fulminant Prism          Conj/Hex       0%         3d5       100%        4
 Ice Form                 Ice/Tmut       0%         N/A       100%        4
 Olgreb's Toxic Radiance  Pois           0%         N/A       100%        4
 Petrify                  Tmut/Erth      0%         N/A       100%        4
 Agony                    Necr           0%         N/A       100%        5
 Alistair's Intoxication  Tmut/Pois      0%         N/A       100%        5
 Arcjolt                  Conj/Air       0%         1d10      100%        5
 Borgnjor's Vile Clutch   Necr/Erth      0%         N/A       100%        5
 Fireball                 Conj/Fire      0%         3d3       100%        5
 Freezing Cloud           Conj/Ice/Air   0%         6-21      100%        5
 Irradiate                Conj/Tmut      0%         3d11      100%        5
 Iskenderun's Battlesphe  Conj           0%         2d6       100%        5
 Lightning Bolt           Conj/Air       0%         1d11      100%        5
 Silence                  Hex/Air        0%         N/A       100%        5
 Eringya's Noxious Bog    Tmut/Pois      0%         N/A       100%        6
 Iron Shot                Conj/Erth      0%         9d1       100%        6
 Starburst                Conj/Fire      0%         6d3       100%        6
 Dragon Form              Tmut           0%         N/A       100%        7
 Ozocubu's Refrigeration  Ice            0%         4d7       100%        7
 Storm Form               Tmut/Air       0%         N/A       100%        7
 Disjunction              Tloc           7%         N/A       100%        8
 Lehudib's Crystal Spear  Conj/Erth      0%         10d2      100%        8
 Maxwell's Capacitive Co  Air            0%         ∞         100%        8
 Polar Vortex             Ice            0%         N/A       100%        9
 Shatter                  Erth           0%         3d5*      100%        9
 Summon Small Mammal      Summ           Unusable   N/A       N/A         1
 Call Imp                 Summ           Unusable   N/A       N/A         2
 Call Canine Familiar     Summ           Unusable   N/A       N/A         3
 Summon Guardian Golem    Hex/Summ       Unusable   N/A       N/A         3
 Animate Armour           Summ/Erth      Unusable   N/A       N/A         4
 Animate Dead             Necr           Unusable   N/A       N/A         4
 Summon Lightning Spire   Summ/Air       Unusable   N/A       N/A         4
 Summon Forest            Summ/Tloc      Unusable   N/A       N/A         5
 Death Channel            Necr           Unusable   N/A       N/A         6
 Simulacrum               Ice/Necr       Unusable   N/A       N/A         6
 Summon Cactus Giant      Summ           Unusable   N/A       N/A         6
 Spellforged Servitor     Conj/Summ      Unusable   N/A       N/A         7
 Summon Hydra             Summ           Unusable   N/A       N/A         7
 Dragon's Call            Summ           Unusable   N/A       N/A         9

Dungeon Overview and Level Annotations

Branches:
Dungeon (15/15)            Temple (1/1) D:4            Lair (5/5) D:8
 Shoals (4/4) Lair:3       Spider (4/4) Lair:3        Slime (5/5) Lair:4
    Orc (2/2) D:9             Elf (3/3) Orc:2        Vaults (5/5) D:13
  Crypt (0/3) Vaults:2     Depths (4/4) D:15            Zot (5/5) Depths:4
 Bailey (visited)           IceCv (visited)         Volcano (visited)
 WizLab (visited)

Altars:
Ashenzari
Cheibriados
Dithmenos
Elyvilon
Fedhas
Gozag
Hepliaklqana
Kikubaaqudgha
Makhleb
Nemelex Xobeh
Okawaru
Qazlal
Ru
Sif Muna
Trog
Uskayaw
Vehumet
Wu Jian
Xom
Yredelemnul
Zin
The Shining One
Jiyva
Lugonu

Shops:
D:5 *   Orc:2 :[:([*   Elf:1 *(   Elf:3 [   Vaults:5 [!??[   Zot:4 *

Portals:
Hell: Depths:1 Depths:2 Depths:3 Depths:4
Abyss: Depths:1 Depths:3 Depths:4
Pandemonium: Depths:2
Ziggurat: Depths:2

Annotations:
D:4 3 runed translucent doors, exclusion: downstairs, gabibbone's ghost, amateur BaWr
D:5 exclusions: bush and 18 more exclusions
D:9 1 runed translucent door
Lair:2 exclusions: fungus and 5 more exclusions
Lair:3 6 exclusions
Shoals:1 3 runed translucent doors, Dacluamp's ghost, adept DsCj
Depths:4 2 transporters, Tocupiwn's ghost, veteran VSGl


Innate Abilities, Weirdness & Mutations

You have a pair of horns on your head.
You reflexively headbutt those who attack you in melee.
You have sharp toenails.
You have hidden genetic defects.


Message History

No target in view!
No target in view!
(D) Dungeon (T) Temple (L) Lair (A) Shoals (N) Spider Nest (M) Slime Pits (O) Orcish Mines (E) Elven Halls (V) Vaults (C) Crypt (U) Depths (H) Hell (Z) Zot
Where to? (Enter - D:1 @ (x,y), ? - help)
There is a stone staircase leading up here.
You climb upwards.
Level annotation: exclusions: bush and 18 more exclusions
There is a stone staircase leading down here.
There is a stone staircase leading up here.
You climb upwards.
Level annotation: 3 runed translucent doors, exclusion: downstairs, gabibbone's ghost, amateur BaWr
There is a stone staircase leading down here.
The orc shouts!
The orc shouts!
The sun demon shouts!
There is a stone staircase leading up, spattered with blood here.
You climb upwards.
There is a stone staircase leading down here.
There is a stone staircase leading up, spattered with blood here.
You climb upwards.
There is a stone staircase leading down here.
There is a stone staircase leading up here.
You climb upwards.
There is a stone staircase leading down here.
A lich and a soul eater come into view.
Izibek comes into view. It is armed with a flaming touch.
Izibek screams, "I shall feast on thy neck!"
The lich shouts!
Blink to where?
Press: ? - help, Dir - move target
As you read the scroll of blinking {@r4}, it crumbles to dust.
Unknown command.
Blink to where?
Press: ? - help, Dir - move target An Orb Guardian comes into view.
As you read the scroll of blinking {@r4}, it crumbles to dust.
You have escaped!

#...#.#...........#.........##
#.###.#...........#.........## ##.#
###.8..8.8..8.#...######## ##..#
#...........#.#....# # #..##
#.......X...#.#..#.### # #.##
#...........#.##.....# #.#
#...........#.#####..### #.#
####...........#.#........# #.#
#........@.......#.######.§
####.####.##...........#...# ##.
...........#...........#.### ##
####.#######...........#.# #..#
#...........#.#
##.########...........### ####
##....)....#.8..8.8..8.# #######...
.>..########...........###.......##
#...# #####...........#...#######


You could see an Orb Guardian.

Vanquished Creatures
  the Royal Jelly (Slime:5)
  11 orbs of fire (Zot:5)
  2 ancient liches (Zot:5)
  Mara (Vaults:3)
  A juggernaut (Depths:4)
  A Killer Klown (Zot:5)
  Parghit (Depths:3)
  Margery (Depths:4)
  A curse toe (Zot:1)
  5 caustic shrikes
  Saint Roka (Depths:3)
  Nikola (Elf:2)
  7 golden dragons
  Jory (Vaults:3)
  2 electric golems (Zot:5)
  16 tentacled monstrosities
  A walking crystal tome (Depths:2)
  27 Orb Guardians
  2 deep elf master archers (Elf:3)
  2 quicksilver dragons
  3 deep elf blademasters (Elf:3)
  8 titans
  14 acid blobs
  5 death cobs
  Polyphemus (Shoals:2)
  7 sphinxes
  An Executioner (Zot:3)
  8 shadow dragons
  9 tengu reavers
  Kirke (Spider:2)
  11 storm dragons
  6 draconian monks
  6 azure jellies
  2 draconian knights
  11 fire giants
  7 frost giants
  5 rockslimes
  6 iron dragons
  Aizul (Vaults:3)
  Louise (Depths:4)
  6 deep elf sorcerers
  18 vault wardens
  7 ghost moths
  2 orc warlords
  3 draconian scorchers
  A balrug (Depths:2)
  4 emperor scorpions (Spider:4)
  2 deep elf elementalists
  5 draconian shifters
  2 cacodemons (Elf:3)
  A draconian stormcaller (Zot:5)
  7 war gargoyles
  A reaper (IceCv)
  11 quicksilver oozes
  A broodmother (shapeshifter) (Depths:2)
  29 very ugly things
  4 draconian annihilators
  17 stone giants
  2 vampire knights
  6 ironbound thunderhulks
  4 green draconians
  11 ironbound preservers
  6 deep elf demonologists
  7 black draconians
  A spark wasp (shapeshifter) (Depths:2)
  8 red draconians
  Azrael (Spider:2)
  12 spark wasps
  12 white draconians
  10 yellow draconians
  18 dire elephants
  8 deep elf annihilators
  7 purple draconians
  2 pale draconians (Depths:4)
  The ghost of Navehufe the Eclecticist, a journeyman SpDe of Jiyva (Elf:3)
  13 fire dragons
  16 ettins
  8 deep elf death magi
  2 entropy weavers
  8 yaktaur captains
  12 merfolk impalers
  10 merfolk javelineers
  6 deep elf high priests (Elf:3)
  3 great orbs of eyes
  Josephine (D:12)
  6 rakshasas
  12 ice dragons
  32 vault guards
  3 peacekeepers
  8 ironbound frosthearts
  2 catoblepae
  16 centaur warriors
  An anaconda (shapeshifter) (Vaults:4)
  7 hydras
  A spriggan air mage (Depths:2)
  A jorogumo (Spider:4)
  2 ogre magi (Vaults:5)
  2 radroaches
  6 boulder beetles
  A two-headed ogre (shapeshifter) (Depths:2)
  3 two-headed ogres
  An alligator snapping turtle (Shoals:3)
  4 merfolk aquamancers
  A jorogumo (shapeshifter) (Vaults:1)
  2 merfolk avatars
  A vampire mage (Depths:2)
  7 deep troll shamans
  11 deep troll earth magi
  5 satyrs
  40 dancing weapons
  A death knight (D:14)
  4 spriggan berserkers
  2 orc high priests (Orc:2)
  2 tengu warriors (Depths:2)
  16 death yaks
  12 hell knights
  14 deep elf knights
  Sonja (D:13)
  A fire crab (Volcano)
  Urug (Lair:5)
  8 iron trolls
  Amaemon (Lair:2)
  A steelbarb worm (Spider:3)
  A cherub (D:6)
  8 pharaoh ants
  9 orb spiders
  5 skeletal warriors (D:15)
  5 glowing orange brains
  42 deep trolls
  5 deep elf archers
  2 flayed ghosts
  10 sea snakes
  16 ironbound convokers
  6 lindwurms
  5 necromancers
  8 wizards
  4 orc knights
  5 harpies (Shoals:4)
  20 wolf spiders
  A harpy (shapeshifter) (Vaults:5)
  4 phantasmal warriors
  25 deep elf zephyrmancers
  2 shining eyes
  18 moths of wrath
  22 deep elf pyromancers
  5 orc sorcerers
  22 fauns
  2 mana vipers (shapeshifter) (Elf:3)
  7 cyclopes
  64 ugly things
  18 manticores
  19 elephants
  8 black mambas
  A rust devil (Zot:4)
  2 ice statues (IceCv)
  8 water nymphs
  An eye of devastation (Slime:5)
  23 vault sentinels
  9 merfolk sirens
  A smoke demon (Depths:2)
  2 gargoyles
  An orange demon (Lair:2)
  An unseen horror (D:10)
  7 torpor snails
  2 efreet
  A hellion (Depths:4)
  4 freezing wraiths
  8 demonic crawlers
  8 cane toads
  10 komodo dragons
  25 yaktaurs
  6 kobold demonologists
  A yaktaur (shapeshifter) (D:15)
  A tormentor (Zot:4)
  5 tengu conjurers
  7 rime drakes
  6 ice devils (IceCv)
  A troll (shapeshifter) (D:13)
  A meliai (shapeshifter) (Vaults:5)
  12 meliai
  A tarantella (shapeshifter) (Spider:4)
  5 trolls
  7 hornets
  13 wind drakes
  A queen bee (D:14)
  24 merfolk
  7 polar bears (Lair:5)
  22 tarantellas
  A polar bear (shapeshifter) (D:13)
  69 slime creatures
  A blink frog (shapeshifter) (Vaults:5)
  4 dream sheep
  12 snapping turtles
  14 culicivoras
  10 spriggans (Lair:5)
  31 jumping spiders
  A spriggan (shapeshifter) (D:14)
  26 water elementals
  7 wraiths
  9 air elementals
  A dire elephant simulacrum (IceCv)
  49 yaks
  14 fire bats (Volcano)
  A vampire (D:13)
  7 wyverns
  6 golden eyes
  7 fire elementals
  A hog (Spider:2)
  4 steam dragons
  Grum (Lair:1)
  5 humans (Spider:2)
  Eustachio (D:5)
  48 redbacks
  2 basilisks (Lair:5)
  A neqoxec (Depths:2)
  16 vampire mosquitoes
  2 chaos spawn (Depths:2)
  6 wargs
  5 hell hounds
  5 acid dragons
  13 water moccasins
  2 hydra simulacra (IceCv)
  Duvessa (D:7)
  4 floating eyes
  A swamp drake (shapeshifter) (Elf:3)
  36 orc warriors
  7 black bears
  9 ogres
  4 boggarts (Lair:5)
  31 wolves
  23 centaurs
  A boggart (shapeshifter) (Elf:3)
  Blork the orc (D:5)
  9 kobold brigands
  A bullfrog (shapeshifter) (Elf:3)
  10 bullfrogs
  A two-headed ogre simulacrum (IceCv)
  A cane toad simulacrum (IceCv)
  3 earth elementals
  A scorpion (D:5)
  4 wights (D:7)
  Dowan (D:7)
  25 killer bees
  3 elephant simulacra (IceCv)
  2 howler monkeys
  3 electric eels
  6 lava snakes (Volcano)
  A jelly (shapeshifter) (Elf:3)
  2 jellies
  A gnoll bouda (D:9)
  18 orc priests
  2 hounds
  13 orc wizards
  3 iguanas
  3 polar bear simulacra
  2 troll simulacra (IceCv)
  2 spriggan simulacra (IceCv)
  A wolf simulacrum (IceCv)
  4 river rats (D:5)
  16 adders
  An adder (shapeshifter) (Elf:3)
  7 gnolls
  2 shadow imps
  5 white imps
  5 ufetubi
  2 worms
  4 dart slugs
  92 orcs
  12 endoplasms
  4 giant cockroaches
  15 goblins
  7 hobgoblins
  9 jackals
  4 quokkas
  8 ball pythons
  8 bats
  A frilled lizard (D:2)
  A goblin zombie (D:9)
  A kobold (shapeshifter) (Elf:3)
  32 kobolds
  11 rats
  A butterfly (Depths:1)
2225 creatures vanquished.

Vanquished Creatures (collateral kills)
  A Killer Klown (Zot:5)
  An Orb Guardian (Zot:5)
  An emperor scorpion (Spider:4)
  A draconian scorcher (Zot:2)
  A draconian stormcaller (Zot:1)
  A black draconian (Zot:2)
  A yellow draconian (Zot:5)
  3 red draconians
  An entropy weaver (Vaults:5)
  Pikel (D:7)
  A moth of wrath (Zot:5)
  2 hornets (Spider:4)
  A redback (Vaults:5)
  A jelly (D:5)
  2 orcs
19 creatures vanquished.

Vanquished Creatures (others)
  A draconian monk (Zot:2)
  An emperor scorpion (Spider:4)
  A draconian shifter (Zot:5)
  A draconian knight (Zot:5)
  A draconian annihilator (Zot:5)
  A purple draconian (Zot:2)
  A hell knight (Depths:4)
  A deep elf knight (Elf:2)
  A wizard (Vaults:2)
  A deep elf pyromancer (Elf:2)
  A hornet (Spider:4)
  2 yaks
  2 water elementals (Shoals:4)
  A vampire mosquito (D:5)
  2 orc warriors
  A kobold brigand (Bailey)
  2 killer bees (D:8)
  2 orc priests
  2 orc wizards
  2 orcs
  A frilled lizard (shapeshifter) (Elf:3)
  5 demonic plants (D:11)
  23 fungi
  132 plants
188 creatures vanquished.

Grand Total: 2432 creatures vanquished

Notes
Turn   | Place    | Note
-------+----------+-------------------------------------------
     0 | D:1      | Sergey the Minotaur Artificer began the quest for the Orb.
     0 | D:1      | Reached XP level 1. HP: 16/16 MP: 0/0
   278 | D:1      | Reached XP level 2. HP: 24/24 MP: 1/1
  1085 | D:1      | Found a faded altar of an unknown god.
  1568 | D:1      | Found a faded altar of an unknown god.
  1859 | D:1      | Found a faded altar of an unknown god.
  2048 | D:2      | Reached XP level 3. HP: 27/31 MP: 2/2
  3584 | D:2      | Reached XP level 4. HP: 40/40 MP: 3/3
  6299 | D:3      | Noticed a +0 falchion
  6300 | D:3      | Noticed a +0 dagger
  6303 | D:3      | Noticed a +0 falchion
  6303 | D:3      | Noticed a +0 spear
  6426 | D:3      | Noticed a +0 short sword
  6427 | D:3      | Noticed a +0 spear
  6429 | D:3      | Noticed a +0 dagger
  6429 | D:3      | Noticed a +0 short sword
  6430 | D:3      | Found a hide-covered altar of Uskayaw.
  7043 | D:3      | Found a hide-covered altar of Uskayaw.
  7603 | D:3      | Found a hide-covered altar of Uskayaw.
  7811 | D:4      | Found a runed translucent gate.
  7811 | D:4      | Identified the +2 whip of Mom Quna {pain, *Corrode rPois
                  | Str+2 Dex+4}
  7811 | D:4      | Noticed gabibbone's ghost (amateur BaWr)
  7812 | D:4      | Found a runed translucent gate.
  7813 | D:4      | Found a runed translucent gate.
  7919 | D:3      | Reached XP level 5. HP: 35/46 MP: 4/4
  8497 | D:4      | Noticed a black bear
  8982 | D:4      | Noticed an ogre
  9018 | D:4      | Killed an ogre
  9019 | D:4      | Reached skill level 5 in Fighting
  9165 | D:4      | Found a snail-covered altar of Cheibriados.
  9302 | D:4      | Reached XP level 6. HP: 52/56 MP: 5/5
  9432 | D:4      | Found a stormy altar of Qazlal.
  9432 | D:4      | Found an ornate altar of the Wu Jian Council.
  9688 | D:4      | Found a staircase to the Ecumenical Temple.
  9694 | Temple   | Entered the Ecumenical Temple
  9768 | Temple   | Became a worshipper of Elyvilon the Healer
 10668 | D:5      | Entered Level 5 of the Dungeon
 10736 | D:5      | Noticed a vampire mosquito
 10743 | D:5      | Noticed Eustachio
 10833 | D:5      | Reached skill level 5 in Evocations
 10941 | D:5      | Noticed an orc warrior
 10949 | D:5      | Killed an orc warrior
 10950 | D:5      | Reached XP level 7. HP: 64/64 MP: 6/6
 11079 | D:5      | Noticed Blork the orc
 11115 | D:5      | Reached skill level 1 in Maces & Flails
 11170 | D:5      | Killed Blork the orc
 11342 | D:5      | Reached * piety under Elyvilon
 11395 | D:5      | Killed Eustachio
 11565 | D:5      | Found Tisyjeti's Fire Supplies.
 11886 | D:6      | Reached XP level 8. HP: 66/73 MP: 7/7
 11976 | D:6      | Reached skill level 5 in Armour
 12217 | D:6      | Reached ** piety under Elyvilon
 12220 | D:6      | Found a broken altar of Ashenzari.
 12222 | D:6      | Found a shimmering altar of Xom.
 12223 | D:6      | Found a sparkling altar of Nemelex Xobeh.
 12230 | D:6      | Reached skill level 5 in Maces & Flails
 12955 | D:7      | Noticed a hornet
 12967 | D:7      | Killed a hornet
 13018 | D:7      | Noticed Pikel
 13078 | D:7      | Killed Pikel
 13079 | D:7      | Reached XP level 9. HP: 79/79 MP: 9/11
 13270 | D:7      | Noticed Duvessa
 13270 | D:7      | Noticed Dowan
 13275 | D:7      | Killed Duvessa
 13277 | D:7      | Killed Dowan
 13367 | D:7      | Reached skill level 5 in Invocations
 13905 | D:8      | Reached *** piety under Elyvilon
 14103 | D:8      | Reached XP level 10. HP: 61/88 MP: 7/13
 14175 | D:8      | Found a flagged portal.
 14192 | Bailey   | Entered a bailey
 14726 | Bailey   | Found a bloodstained altar of Trog.
 14738 | Bailey   | Identified the +2 plate armour of Evolution {Fly rC- Will+
                  | Str+7}
 14873 | D:8      | Found a staircase to the Lair.
 15239 | D:9      | Found a runed translucent door.
 15303 | D:9      | Found a basalt altar of Yredelemnul.
 15641 | D:9      | Reached skill level 1 in Throwing
 15811 | D:9      | Found a staircase to the Orcish Mines.
 16036 | D:9      | Reached skill level 2 in Throwing
 16293 | D:9      | Found an iron altar of Okawaru.
 16293 | D:9      | Noticed a two-headed ogre
 16444 | D:9      | Fell from the grace of Elyvilon
 16444 | D:9      | Became a worshipper of Warmaster Okawaru
 16512 | D:10     | Entered Level 10 of the Dungeon
 16528 | D:10     | Reached skill level 10 in Fighting
 16783 | D:10     | Noticed a rust devil
 16786 | D:10     | Reached skill level 3 in Throwing
 16882 | D:10     | Reached * piety under Okawaru
 16883 | D:10     | Reached XP level 11. HP: 99/99 MP: 16/16
 16893 | D:10     | Identified the +8 flail "Nixosyv" {drain, Int+2}
 17244 | D:10     | Reached skill level 10 in Maces & Flails
 17244 | D:10     | Reached skill level 6 in Throwing
 17244 | D:10     | Reached XP level 12. HP: 106/106 MP: 17/17
 17619 | D:11     | Found a corrupted altar of Lugonu.
 18033 | D:11     | Noticed a centaur warrior
 18055 | D:11     | Killed a centaur warrior
 18055 | D:11     | Reached ** piety under Okawaru
 18170 | D:11     | Noticed a two-headed ogre
 18179 | D:11     | Killed a two-headed ogre
 18180 | D:11     | Reached skill level 7 in Throwing
 18444 | Lair:1   | Entered Level 1 of the Lair of Beasts
 18444 | Lair:1   | Noticed Grum
 18561 | Lair:1   | Killed Grum
 18746 | Lair:1   | Reached *** piety under Okawaru
 19444 | Lair:2   | Noticed Amaemon
 19462 | Lair:2   | Killed Amaemon
 19543 | Lair:2   | Received a gift from Okawaru
 19547 | Lair:2   | Reached skill level 8 in Throwing
 19555 | Lair:2   | Reached **** piety under Okawaru
 19556 | Lair:2   | Reached skill level 10 in Armour
 19712 | Lair:2   | Found a dark tunnel.
 19743 | Volcano  | Entered a volcano
 19928 | Volcano  | Reached XP level 13. HP: 96/117 MP: 18/18
 20044 | Volcano  | Reached skill level 9 in Throwing
 20107 | Volcano  | Found a bloodstained altar of Trog.
 20126 | Volcano  | Received a gift from Okawaru
 20137 | Volcano  | Found a bloodstained altar of Trog.
 20489 | Lair:2   | Received a gift from Okawaru
 20501 | Lair:2   | Reached skill level 10 in Throwing
 20810 | Lair:3   | Identified the +11 flail "Wigg" {venom, Str+5}
 20892 | Lair:3   | Found a frozen archway.
 20903 | IceCv    | Entered an ice cave
 20911 | IceCv    | Reached ***** piety under Okawaru
 21063 | IceCv    | Noticed a reaper
 21073 | IceCv    | Killed a reaper
 21203 | IceCv    | Received a gift from Okawaru
 21204 | IceCv    | Reached skill level 1 in Shields
 21677 | D:5      | Bought the ring "Atohab" {rF+ rCorr Str+2 Dex+2} for 598
                  | gold pieces
 21798 | Lair:3   | Found a staircase to the Shoals.
 22032 | Lair:3   | Found a hole to the Spider Nest.
 22797 | Lair:4   | Found a runed translucent door.
 22798 | Lair:4   | Noticed an azure jelly
 22799 | Lair:4   | Found a viscous altar of Jiyva.
 22800 | Lair:4   | Found a staircase to the Slime Pits.
 22800 | Lair:4   | Noticed an azure jelly
 22800 | Lair:4   | Noticed an azure jelly
 22898 | Lair:4   | Identified the +0 ring mail of Anarchy {rElec rCorr MP-9
                  | Slay+5} (Okawaru gifted it to you on level 4 of the Lair of
                  | Beasts)
 22898 | Lair:4   | Received a gift from Okawaru
 23131 | Lair:4   | Identified the ring of the Final Chapter {Wiz rElec}
 23506 | Lair:5   | Entered Level 5 of the Lair of Beasts
 23510 | Lair:5   | Reached XP level 14. HP: 127/127 MP: 19/19
 23594 | Lair:5   | Reached skill level 5 in Dodging
 23886 | Lair:5   | Identified the +0 pair of boots "Qume" {-Cast +Blink rN+}
                  | (Okawaru gifted it to you on level 5 of the Lair of Beasts)
 23886 | Lair:5   | Received a gift from Okawaru
 23902 | Lair:5   | Reached skill level 11 in Throwing
 23902 | Lair:5   | Reached skill level 5 in Shields
 24324 | Lair:5   | Identified the +2 quarterstaff "Fegrasma" {venom, Fragile
                  | rElec rPois rN+}
 24409 | Lair:5   | Noticed Urug
 24413 | Lair:5   | Killed Urug
 25285 | D:12     | Reached ****** piety under Okawaru
 25286 | D:12     | Reached XP level 15. HP: 112/137 MP: 21/21
 25854 | D:13     | Noticed Josephine
 25860 | D:12     | Killed Josephine
 25861 | D:12     | Reached skill level 10 in Invocations
 26010 | D:13     | Identified the +0 battleaxe "Farikhlu" {freeze, Str-2
                  | Int+5}
 26067 | D:13     | Found a shadowy altar of Dithmenos.
 26094 | D:13     | Received a gift from Okawaru
 26274 | D:13     | Noticed Sonja
 26281 | D:13     | Killed Sonja
 26599 | D:13     | Found a gate to the Vaults.
 26687 | D:13     | Received a gift from Okawaru
 26863 | Orc:1    | Entered Level 1 of the Orcish Mines
 26904 | Orc:1    | Reached skill level 12 in Throwing
 27547 | Orc:2    | Entered Level 2 of the Orcish Mines
 27596 | Orc:2    | Received a gift from Okawaru
 27743 | Orc:2    | Found a staircase to the Elven Halls.
 27918 | Orc:2    | Found Ecrux's Antique Armour Emporium.
 28042 | Orc:2    | Found Fiefang's Overcharged Wands.
 28177 | Orc:2    | Received a gift from Okawaru
 28224 | Orc:2    | Found Biakawk's Antique Armour Shop.
 28227 | Orc:2    | Found Wuular's Antique Weapon Boutique.
 28345 | Orc:2    | Found Lavvoh's Book Shop.
 28543 | Orc:2    | Found Pozeag's Book Shoppe.
 28649 | Orc:2    | Bought a crude plate armour for 672 gold pieces
 28649 | Orc:2    | Identified the +1 plate armour of Liberalism {rPois rCorr
                  | Int+4 Dex-2} (You bought it in a shop on level 2 of the
                  | Orcish Mines)
 28847 | D:14     | Received a gift from Okawaru
 28929 | D:14     | Received a gift from Okawaru
 28939 | D:14     | Reached skill level 15 in Fighting
 29056 | D:14     | Found a portal to a secret trove of treasure.
 29245 | D:14     | Received a gift from Okawaru
 29405 | D:14     | Reached skill level 13 in Throwing
 29416 | D:14     | Reached skill level 10 in Shields
 29723 | D:15     | Entered Level 15 of the Dungeon
 29727 | D:15     | Found a staircase to the Depths.
 29733 | D:15     | Reached XP level 16. HP: 137/149 MP: 19/22
 29773 | D:15     | Received a gift from Okawaru
 29939 | D:15     | Received a gift from Okawaru
 29950 | D:15     | Received a gift from Okawaru
 30706 | Spider:1 | Entered Level 1 of the Spider Nest
 30780 | Spider:1 | Reached skill level 1 in Axes
 30859 | Spider:1 | Received a gift from Okawaru
 31026 | Spider:1 | Received a gift from Okawaru
 31060 | Spider:1 | Reached skill level 14 in Throwing
 31785 | Spider:1 | Reached skill level 5 in Axes
 32294 | Spider:2 | Identified the +6 broad axe "Fial" {freeze, *Slow Dex+8}
 32501 | Spider:2 | Noticed Azrael
 32505 | Spider:2 | Killed Azrael
 32736 | Spider:2 | Received a gift from Okawaru
 32812 | Spider:2 | Noticed Kirke
 32815 | Spider:2 | Killed Kirke
 33245 | Spider:3 | Reached skill level 15 in Throwing
 33970 | Spider:4 | Entered Level 4 of the Spider Nest
 34053 | Spider:4 | Reached XP level 17. HP: 153/156 MP: 23/23
 34171 | Spider:4 | Reached skill level 10 in Axes
 34279 | Spider:4 | Identified a scroll of acquirement
 34279 | Spider:4 | Acquired the +1 pair of boots "Binlosh" {rC+ Will+ Regen+
                  | Str-5}
 35045 | Spider:4 | Received a gift from Okawaru
 35127 | Spider:4 | Received a gift from Okawaru
 35217 | Spider:4 | Got a gossamer rune of Zot
 35425 | Shoals:1 | Entered Level 1 of the Shoals
 35632 | Shoals:1 | Found a runed translucent gate.
 35632 | Shoals:1 | Found a runed translucent gate.
 35632 | Shoals:1 | Found a runed translucent gate.
 35640 | Shoals:1 | Noticed Dacluamp's ghost (adept DsCj)
 35678 | Shoals:1 | Reached skill level 10 in Evocations
 35753 | Shoals:1 | Identified the +2 rapier "Lueva" {vorpal, rF+ Str+5 SInv}
 36586 | Shoals:2 | Received a gift from Okawaru
 36805 | Shoals:2 | Noticed Polyphemus
 36812 | Shoals:2 | Killed Polyphemus
 37186 | Shoals:2 | Noticed a titan
 37214 | Shoals:2 | Killed a titan
 37227 | Shoals:2 | Got the Catalogue of Searing Bewitchment
 37656 | Shoals:3 | Received a gift from Okawaru
 37736 | Shoals:3 | Reached XP level 18. HP: 134/163 MP: 18/25
 37905 | Shoals:3 | Received a gift from Okawaru
 38408 | Shoals:3 | Found a runed translucent door.
 38721 | Shoals:4 | Entered Level 4 of the Shoals
 38753 | Shoals:4 | Paralysed by an air elemental for 1 turns
 38768 | Shoals:4 | Paralysed by an air elemental for 1 turns
 38771 | Shoals:4 | Paralysed by an air elemental for 1 turns
 38950 | Shoals:4 | Received a gift from Okawaru
 39103 | Shoals:4 | Received a gift from Okawaru
 39350 | Shoals:4 | Paralysed by an air elemental for 1 turns
 39356 | Shoals:4 | Paralysed by an air elemental for 1 turns
 39392 | Shoals:4 | Paralysed by an air elemental for 1 turns
 39397 | Shoals:4 | Paralysed by an air elemental for 1 turns
 39523 | Shoals:4 | Reached skill level 15 in Armour
 39570 | Shoals:4 | Received a gift from Okawaru
 39586 | Shoals:4 | Got a barnacled rune of Zot
 39598 | Shoals:4 | Got the Catalogue of Envenoming
 39628 | Shoals:4 | Paralysed by an air elemental for 1 turns
 39698 | Shoals:4 | Paralysed by an air elemental for 1 turns
 39702 | Arena    | Entered the Arena
 39730 | Shoals:4 | Paralysed by an air elemental for 1 turns
 40382 | Elf:1    | Entered Level 1 of the Elven Halls
 40696 | Elf:1    | Received a gift from Okawaru
 40743 | Elf:1    | Paralysed by an air elemental for 1 turns
 40913 | Elf:1    | Found Ajaefune's Assorted Antiques.
 40931 | Elf:1    | Reached skill level 1 in Stealth
 40936 | Elf:1    | Found Suapp's Antique Weapon Shop.
 40957 | Elf:1    | Found a shimmering altar of Xom.
 40974 | Elf:1    | Bought a potion of haste for 280 gold pieces
 41092 | Elf:1    | Identified the +1 scale mail of Proximity {-Cast Rampage
                  | *Corrode +Blink rN+++} (Okawaru gifted it to you on level 1
                  | of the Elven Halls)
 41092 | Elf:1    | Received a gift from Okawaru
 41153 | Elf:1    | Identified the +7 arbalest of Truth {freeze, rElec rN+
                  | Dex+2 Stlth+}
 41304 | Elf:2    | Reached XP level 19. HP: 170/170 MP: 27/27
 41372 | Elf:2    | Found a huge runed translucent gate.
 41372 | Elf:2    | Found a huge runed translucent gate.
 41372 | Elf:2    | Found a huge runed translucent gate.
 41372 | Elf:2    | Found a huge runed translucent gate.
 41372 | Elf:2    | Found a huge runed translucent gate.
 41553 | Elf:2    | Noticed Nikola
 41566 | Elf:2    | Killed Nikola
 42030 | Elf:3    | Entered Level 3 of the Elven Halls
 42098 | Elf:3    | Found Viaheiv's Antique Armour Shoppe.
 42439 | Elf:3    | Found a runed translucent gate.
 42439 | Elf:3    | Found a runed translucent gate.
 42441 | Elf:3    | Found a runed translucent gate.
 42539 | Elf:3    | Identified the +0 robe of Wuful {rN+++ Int+3 Dex-4}
                  | (Okawaru gifted it to you on level 3 of the Elven Halls)
 42539 | Elf:3    | Received a gift from Okawaru
 42549 | Elf:3    | Reached skill level 16 in Throwing
 42558 | Elf:3    | Reached skill level 5 in Stealth
 42690 | Elf:3    | Identified the +1 scimitar "Leizergh" {venom, rPois}
 42693 | Elf:3    | Identified the +8 long sword of Conformity {flame, rPois
                  | rCorr}
 42741 | Elf:3    | Identified the +4 falchion of Governance {vorpal, rCorr
                  | Int+2 Stlth+}
 42746 | Elf:3    | Identified the +0 quarterstaff of Jaumyzxe {venom, rC-
                  | Str+3 Dex+5}
 42780 | Elf:3    | Got the Directory of the Pestilent Excursion
 42809 | Elf:3    | Identified the +4 halberd of Poverty {spect, Drain rC+++
                  | rCorr Str-2}
 42826 | Elf:3    | Identified the +8 whip of Bankruptcy {vorpal, rF+ rC-
                  | Dex+3}
 42829 | Elf:3    | Identified the ring "Igirasept" {EV+4 Int+5 Dex+3}
 42874 | Elf:3    | Identified the +1 helmet of Abied {rElec Int+3}
 42882 | Elf:3    | Identified the +6 glaive of Melee {speed, Will++}
 43167 | Elf:3    | Reached skill level 15 in Shields
 43197 | Elf:3    | Found a runed translucent gate.
 43197 | Elf:3    | Found a runed translucent gate.
 43208 | Elf:3    | Found a runed translucent gate.
 43212 | Elf:3    | Noticed Navehufe's ghost (journeyman SpDe)
 43313 | Elf:3    | Gained mutation: Your magical capacity is low. (-10% MP) [a
                  | cacodemon]
 43389 | Elf:3    | Killed Navehufe's ghost
 43451 | Elf:3    | Learned a level 1 spell: Apportation
 43488 | Elf:3    | Identified the +0 cloak "Qadwixtad" {rN+} (You found it on
                  | level 3 of the Elven Halls)
 43616 | Elf:2    | Reached skill level 1 in Translocations
 43796 | Elf:2    | Reached XP level 20. HP: 180/180 MP: 25/25
 44145 | Vaults:1 | Entered Level 1 of the Vaults
 44339 | Vaults:1 | Reached skill level 1 in Spellcasting
 44438 | Vaults:1 | Identified the +1 plate armour of Instinct {Harm Str+3
                  | Int-3 Dex+4} (Okawaru gifted it to you on level 1 of the
                  | Vaults)
 44438 | Vaults:1 | Received a gift from Okawaru
 44680 | Vaults:1 | Found the +18 shield of the Gong {rElec rN+ Will+ EV-5}
 44921 | Vaults:1 | Reached skill level 5 in Translocations
 46522 | Vaults:2 | Found a staircase to the Crypt.
 46522 | Vaults:2 | Found an ancient bone altar of Kikubaaqudgha.
 46522 | Vaults:2 | Found a basalt altar of Yredelemnul.
 47225 | Slime:1  | Entered Level 1 of the Pits of Slime
 47481 | Slime:1  | Learned a level 2 spell: Blink
 47694 | Slime:5  | Entered Level 5 of the Pits of Slime
 47703 | Slime:5  | Identified the +0 buckler of Grace {Rampage Fly Regen+}
                  | (Okawaru gifted it to you on level 5 of the Pits of Slime)
 47703 | Slime:5  | Received a gift from Okawaru
 47706 | Slime:5  | Noticed the Royal Jelly
 47709 | Slime:5  | Killed the Royal Jelly
 47710 | Slime:5  | Reached skill level 17 in Throwing
 47755 | Slime:5  | Reached XP level 21. HP: 172/188 MP: 9/26
 47911 | Slime:5  | Identified the +1 pair of gloves "Ofioc" {rN+}
 47923 | Slime:5  | Got a slimy rune of Zot
 47925 | Slime:5  | Got the Precepts of Geology and Ozone
 48676 | Elf:1    | Bought a scroll of teleportation for 84 gold pieces
 48676 | Elf:1    | Bought a scroll of enchant weapon for 210 gold pieces
 48676 | Elf:1    | Bought a potion of might for 112 gold pieces
 48676 | Elf:1    | Bought a potion of mutation for 224 gold pieces
 48917 | D:14     | You paid a toll of a +5 demon trident to enter a treasure
                  | trove
 48918 | Trove    | Entered a treasure trove
 48925 | Trove    | Identified the amulet of Xyc Onus {Regen+ rCorr Str-3 SInv
                  | Stlth+}
 48928 | Trove    | Identified the ring "Doammago" {rN+ Str+4}
 48930 | Trove    | Identified the ring "Vaexuusi" {Contam Fly EV+4 Str+3}
 48934 | Trove    | Identified the amulet "Icrorey" {Reflect rPois rF++ Will-
                  | rCorr SH+5}
 48940 | Trove    | Identified the amulet "Hiqeles" {Faith -Cast Will+++ Dex-2
                  | Slay+4}
 48943 | Trove    | Identified the ring of Miokk {rPois rF+ rCorr SInv}
 48952 | Trove    | Identified the amulet "Qiceget" {Faith rC+ Int+3}
 48956 | Trove    | Identified the amulet of Buyvviss {Reflect rCorr SH+5}
 49142 | Vaults:3 | You are sucked into a shaft and drop 1 floor!
 49151 | Vaults:4 | Reached skill level 18 in Throwing
 49261 | Vaults:3 | Noticed Jory
 49274 | Vaults:3 | Killed Jory
 49299 | Vaults:3 | Found a flickering gateway to a bazaar.
 49323 | Vaults:3 | Noticed Aizul
 49326 | Vaults:3 | Reached skill level 15 in Axes
 49333 | Vaults:3 | Killed Aizul
 49348 | Bazaar   | Entered a bazaar
 49348 | Bazaar   | Found Gipigom's Assorted Antiques.
 49348 | Bazaar   | Found Yrhof's Armour Shop.
 49348 | Bazaar   | Found Sonicrev's Jewellery Shoppe.
 49350 | Bazaar   | Found Xeseacyrgh's Antique Weapon Shoppe.
 49445 | Vaults:3 | Identified the +6 war axe "Ysmemp" {pain, Will+}
 49472 | Vaults:3 | Noticed Mara
 49486 | Vaults:3 | Killed Mara
 49486 | Vaults:3 | Received a gift from Okawaru
 49783 | Vaults:3 | Received a gift from Okawaru
 50079 | Vaults:3 | Received a gift from Okawaru
 50607 | Vaults:3 | Identified the +2 chain mail "Diutops" {Rampage Fly rElec
                  | Stlth-} (Okawaru gifted it to you on level 3 of the Vaults)
 50607 | Vaults:3 | Received a gift from Okawaru
 52401 | Depths:1 | Entered Level 1 of the Depths
 52416 | Depths:1 | Reached XP level 22. HP: 198/198 MP: 27/27
 52593 | Depths:1 | Found a corrupted altar of Lugonu.
 52597 | Depths:1 | Found a one-way gate to the infinite horrors of the Abyss.
 52702 | Depths:1 | Found a white marble altar of Elyvilon.
 52819 | Depths:1 | Received a gift from Okawaru
 53082 | Depths:1 | Found a gateway to Hell.
 53758 | Depths:2 | Found a one-way gate leading to the halls of Pandemonium.
 53962 | Depths:2 | Noticed a golden dragon
 53975 | Depths:2 | Killed a golden dragon
 53994 | Depths:2 | Noticed a golden dragon
 54007 | Depths:2 | Killed a golden dragon
 54039 | Depths:2 | Noticed a caustic shrike
 54048 | Depths:2 | Killed a caustic shrike
 54135 | Depths:2 | Identified the +8 short sword "Cootuzot" {freeze, Contam
                  | rPois Will+++}
 54141 | Depths:2 | Identified the +3 shortbow "Jedeups" {speed, Contam rF+
                  | rN+}
 54167 | Depths:2 | Received a gift from Okawaru
 54221 | Depths:2 | Got the Meditations on Graupel and Conflagration
 54265 | Depths:2 | Received a gift from Okawaru
 54537 | Depths:2 | Found a one-way gateway to a ziggurat.
 54832 | Depths:3 | Noticed Saint Roka
 54832 | Depths:3 | Found a sacrificial altar of Ru.
 54899 | Depths:3 | Reached skill level 19 in Throwing
 54957 | Depths:3 | Killed Saint Roka
 55062 | Depths:3 | Reached XP level 23. HP: 109/207 MP: 28/28
 55124 | Depths:3 | Acquired 1252 gold pieces
 55157 | Depths:3 | Identified the +10 hand axe of Departure {vorpal, rN++ MP+9
                  | Str-2 SInv} (Okawaru gifted it to you on level 3 of the
                  | Depths)
 55157 | Depths:3 | Received a gift from Okawaru
 55350 | Arena    | Entered the Arena
 55713 | Depths:3 | Noticed Parghit
 55740 | Depths:3 | Killed Parghit
 55973 | Depths:4 | Entered Level 4 of the Depths
 55984 | Depths:4 | Found a transporter.
 55984 | Depths:4 | Noticed Tocupiwn's ghost (veteran VSGl)
 55986 | Depths:4 | Noticed an ancient lich
 56014 | Depths:4 | Noticed a juggernaut
 56018 | Depths:4 | Noticed Louise
 56031 | Depths:4 | Killed a juggernaut
 56031 | Depths:4 | Killed Louise
 56063 | Depths:4 | Found a transporter.
 56085 | Depths:4 | Found a magical portal.
 56114 | Depths:4 | Received a gift from Okawaru
 56134 | Depths:4 | Noticed Margery
 56144 | Depths:4 | Killed Margery
 56144 | Depths:4 | Received a gift from Okawaru
 56193 | WizLab   | Entered Wucad Mu's Monastery
 56389 | Arena    | Entered the Arena
 56471 | Depths:4 | Found a broken altar of Ashenzari.
 56503 | Depths:4 | Noticed a caustic shrike
 56503 | Depths:4 | Noticed a caustic shrike
 56503 | Depths:4 | Noticed a caustic shrike
 56503 | Depths:4 | Noticed a caustic shrike
 56514 | Depths:4 | Killed a caustic shrike
 56521 | Depths:4 | Killed a caustic shrike
 56530 | Depths:4 | Killed a caustic shrike
 56539 | Depths:4 | Killed a caustic shrike
 57241 | Depths:4 | Found a gate to the Realm of Zot.
 57936 | Vaults:5 | Entered Level 5 of the Vaults
 57986 | Vaults:5 | Received a gift from Okawaru
 57997 | Vaults:5 | Received a gift from Okawaru
 58140 | Vaults:5 | Received a gift from Okawaru
 58288 | Vaults:5 | Reached XP level 24. HP: 196/211 MP: 29/29
 58602 | Vaults:5 | Reached skill level 15 in Invocations
 58658 | Vaults:5 | Got a silver rune of Zot
 58945 | Vaults:5 | Reached skill level 20 in Throwing
 58977 | Vaults:5 | Found Reppa's Magic Scroll Boutique.
 58981 | Vaults:5 | Bought 2 scrolls of enchant weapon for 225 gold pieces
 58981 | Vaults:5 | Bought a scroll of enchant armour for 112 gold pieces
 58981 | Vaults:5 | Bought a scroll of magic mapping for 112 gold pieces
 58981 | Vaults:5 | Bought a scroll of fear for 60 gold pieces
 59002 | Vaults:5 | Found Qosaj's Magic Scroll Shop.
 59006 | Vaults:5 | Bought a scroll of enchant armour for 112 gold pieces
 59006 | Vaults:5 | Bought a scroll of teleportation for 45 gold pieces
 59006 | Vaults:5 | Bought a scroll of enchant weapon for 112 gold pieces
 59006 | Vaults:5 | Bought a scroll of teleportation for 45 gold pieces
 59006 | Vaults:5 | Bought a scroll of blinking for 112 gold pieces
 59146 | Vaults:5 | Found Sahij's Antique Armour Shop.
 59216 | Vaults:5 | Found Gaareafu's Antique Armour Emporium.
 59236 | Vaults:5 | Bought a spiked cloak for 465 gold pieces
 59236 | Vaults:5 | Identified the -1 cloak "Xidues" {rC+ Will+ rCorr MP+9}
                  | (You bought it in a shop on level 5 of the Vaults)
 59261 | Vaults:5 | Found Retiaruoha's Distillery.
 59364 | Vaults:5 | Bought a potion of mutation for 120 gold pieces
 59364 | Vaults:5 | Bought a potion of cancellation for 120 gold pieces
 59364 | Vaults:5 | Bought a potion of ambrosia for 120 gold pieces
 59364 | Vaults:5 | Bought a potion of heal wounds for 75 gold pieces
 59364 | Vaults:5 | Bought a potion of resistance for 150 gold pieces
 59364 | Vaults:5 | Bought a potion of invisibility for 120 gold pieces
 59364 | Vaults:5 | Bought a potion of invisibility for 120 gold pieces
 59364 | Vaults:5 | Bought a potion of curing for 45 gold pieces
 60014 | Zot:1    | Entered Level 1 of the Realm of Zot
 60066 | Zot:1    | Received a gift from Okawaru
 60147 | Zot:1    | Received a gift from Okawaru
 60330 | Zot:1    | Received a gift from Okawaru
 60668 | Zot:4    | Identified the +2 hat of Bad Feelings {Slay+3 Stlth+}
                  | (Okawaru gifted it to you on level 4 of the Realm of Zot)
 60668 | Zot:4    | Received a gift from Okawaru
 60706 | Zot:4    | Found Nulayh's CLEARANCE SALE!.
 60718 | Zot:4    | Bought a potion of curing for 12 gold pieces
 61210 | Zot:5    | Entered Level 5 of the Realm of Zot
 61220 | Zot:5    | Found the +3 salamander hide armour {Flames rF++ rC--}
 61256 | Zot:5    | Noticed an orb of fire
 61264 | Zot:5    | Noticed an orb of fire
 61269 | Zot:5    | Killed an orb of fire
 61269 | Zot:5    | Noticed an orb of fire
 61273 | Zot:5    | Killed an orb of fire
 61284 | Zot:5    | Killed an orb of fire
 61285 | Zot:5    | Reached XP level 25. HP: 210/231 MP: 25/29
 61403 | Zot:5    | Found a burning altar of Makhleb.
 61589 | Zot:5    | Noticed an orb of fire
 61593 | Zot:5    | Killed an orb of fire
 61607 | Zot:5    | Noticed an orb of fire
 61614 | Zot:5    | Killed an orb of fire
 61615 | Zot:5    | Noticed an orb of fire
 61617 | Zot:5    | Noticed an orb of fire
 61619 | Zot:5    | Noticed an orb of fire
 61621 | Zot:5    | Killed an orb of fire
 61622 | Zot:5    | Killed an orb of fire
 61622 | Zot:5    | Identified the +0 pair of boots of Omission {Regen+}
                  | (Okawaru gifted it to you on level 5 of the Realm of Zot)
 61622 | Zot:5    | Received a gift from Okawaru
 61622 | Zot:5    | Noticed an ancient lich
 61625 | Zot:5    | Killed an orb of fire
 61629 | Zot:5    | Killed an ancient lich
 61745 | Zot:5    | Noticed an orb of fire
 61745 | Zot:5    | Noticed an orb of fire
 61747 | Zot:5    | Gained mutation: You occasionally lose the ability to read
                  | scrolls when taking damage. [an orb of fire]
 61749 | Zot:5    | Noticed a Killer Klown
 61751 | Zot:5    | Killed an orb of fire
 61751 | Zot:5    | Killed an orb of fire
 61756 | Zot:5    | Noticed an ancient lich
 61768 | Zot:5    | Killed an ancient lich
 61775 | Zot:5    | Noticed an orb of fire
 61777 | Zot:5    | Killed an orb of fire
 61777 | Zot:5    | Killed a Killer Klown
 61925 | Zot:5    | Noticed a Killer Klown
 61951 | Zot:5    | Killed a Killer Klown
 62089 | Zot:5    | Reached skill level 21 in Throwing
 62757 | Zot:5    | Got the Orb of Zot
 63063 | Depths:4 | Identified the quicksilver dragon scales of the Jabberwock
                  | {rPois rC- Will+ Regen+ Str+5} (Okawaru gifted it to you on
                  | level 4 of the Depths)
 63063 | Depths:4 | Received a gift from Okawaru
 63066 | Depths:4 | Reached XP level 26. HP: 242/242 MP: 29/29
 63078 | Depths:3 | Lost mutation: You occasionally lose the ability to read
                  | scrolls when taking damage. [potion of mutation]
 63078 | Depths:3 | Lost mutation: Your magical capacity is low. (-10% MP)
                  | [potion of mutation]
 63078 | Depths:3 | Gained mutation: You occasionally shout uncontrollably at
                  | your foes. [potion of mutation]
 63078 | Depths:3 | Gained mutation: Potions are less effective at restoring
                  | your health. [potion of mutation]
 63078 | Depths:3 | Gained mutation: You have large cloven feet. [potion of
                  | mutation]
 63079 | Depths:3 | Lost mutation: You occasionally shout uncontrollably at
                  | your foes. [potion of mutation]
 63079 | Depths:3 | Lost mutation: Potions are less effective at restoring your
                  | health. [potion of mutation]
 63079 | Depths:3 | Gained mutation: Armour fits poorly on your strangely
                  | shaped body. [potion of mutation]
 63079 | Depths:3 | Gained mutation: Your mind is acute. (Int +4, Str/Dex -1)
                  | [potion of mutation]
 63079 | Depths:3 | Gained mutation: You occasionally lose the ability to read
                  | scrolls when taking damage. [potion of mutation]
 63080 | Depths:3 | Lost mutation: Your mind is acute. (Int +4, Str/Dex -1)
                  | [potion of mutation]
 63080 | Depths:3 | Lost mutation: You occasionally lose the ability to read
                  | scrolls when taking damage. [potion of mutation]
 63080 | Depths:3 | Gained mutation: You sometimes lose your temper in combat.
                  | [potion of mutation]
 63081 | Depths:3 | Lost mutation: You sometimes lose your temper in combat.
                  | [potion of mutation]
 63081 | Depths:3 | Lost mutation: Armour fits poorly on your strangely shaped
                  | body. [potion of mutation]
 63081 | Depths:3 | Lost mutation: You have large cloven feet. [potion of
                  | mutation]
 63081 | Depths:3 | Gained mutation: You have hidden genetic defects. [potion
                  | of mutation]
 63081 | Depths:3 | Gained mutation: You have sharp toenails. [potion of
                  | mutation]
 63351 | D:1      | Noticed Izibek the pandemonium lord
 63358 | D:$      | Escaped with the Orb!

Illustrated notes

Levels and vault maps discovered:
D:1:      giann_forest_graveyard, layout_rooms, basic_ecumenical_altar
D:2:      layout_loops_ring, minmay_goblin_outpost
D:3:      layout_basic, nicolae_uskayaw_en_pointe
D:4:      layout_cave_pods, mainiacjoe_overflow_alcove_2,
          gammafunk_temple_overflow_pools, minmay_temple_entry_enclosed_plants,
          biasface_ghost_orc_armoury, hangedman_feature_mirror,
          minmay_misc_feat_roman, nrook_loot_triangle
D:5:      kennysheep_big_flooded_room, layout_basic, portal_sewer_entry_e,
          nicolae_shop_fire_sale [nicolae_sub_dead_trees],
          minmay_misc_feat_plants, uniq_blork_the_orc, uniq_eustachio
D:6:      layout_basic, gammafunk_temple_overflow_forgotten
D:7:      nicolae_cairo_tiling_large, layout_loops_ring,
          minmay_misc_feat_hallway, uniq_pikel, uniq_duvessa
D:8:      layout_rooms, dpeg_oklobed_lair, enter_bailey_3
D:9:      layout_stronghold, dk_yredelemnul_ordeal,
          hellmonk_okawaru_the_only_friend_you_need, david_orc_3
D:10:     layout_rooms, serial_rivers, chequers_serial_rivers_large_b,
          chequers_serial_rivers_micro_a, chequers_serial_rivers_large_a,
          chequers_serial_rivers_micro_d, chequers_serial_rivers_micro_d,
          chequers_serial_rivers_micro_b, minivault_14
D:11:     kennysheep_kobold_lugonu_temple, layout_cave_pools
D:12:     layout_cave_pods
D:13:     layout_loops_ring, lightli_vaults_fourway_checkpoint,
          nicolae_dithmenos_shadow_blocks, uniq_sonja, uniq_josephine
D:14:     layout_rooms, nicolae_trove_entry_isolated, minmay_misc_feat_room,
          special_room [special_room_bee]
D:15:     grunt_enter_depths_giant_problem, layout_loops_cross,
          kennysheep_flooded_box, minmay_misc_feat_tiny
Temple:   nicolae_temple_ecumenical_triangle
Lair:1:   wad_woods_04, layout_regular_city, grunt_forest_stairs_basic,
          uniq_grum
Lair:2:   minmay_lair_venomous_thicket, layout_chaotic_city,
          nicolae_volcano_entry_lava_flow, chequers_serial_rivers_micro_c,
          uniq_amaemon
Lair:3:   layout_cellular_growth, minmay_shoals_entry_beasts,
          spider_nest_entry_web_field, portal_ice_cave_entry_ice_simulacra,
          lemuel_fruit_tree
Lair:4:   layout_roguey, slime_entry_2, serial_bayou_shore_a
Lair:5:   minmay_lair_end_enchanted_forest, layout_hall_layers,
          nicolae_lair_grove_arrangements, minmay_lair_drake_nest, uniq_urug
Shoals:1: cheibrodos_shoals_satyrical_garden, layout_shoals,
          ebering_ghost_rock_garden
Shoals:2: cheibrodos_shoals_gigantism, layout_shoals, uniq_polyphemus
Shoals:3: layout_shoals, lightli_airlock
Shoals:4: shoals_end_hellmonk_storm_palace [storm_palace_center_square,
          storm_palace_corner_narrow, storm_palace_corner_narrow,
          storm_palace_corner_reverse_hut, storm_palace_corner_blocked]
Spider:1: layout_chambers, hangedman_spider_tarantella_strand
Spider:2: layout_cave_pods, uniq_kirke, uniq_azrael
Spider:3: layout_spider_delve
Spider:4: spider_rune_water, hellmonk_deceptive_appearances
Slime:1:  layout_caves, cheibrodos_slime_lost_civilization_7
Slime:2:  layout_caves
Slime:3:  layout_caves
Slime:4:  layout_caves
Slime:5
Orc:1:    minmay_goldmine, layout_diamond_mine
Orc:2:    grunt_orc_community_town_hall, layout_caves,
          grunt_orc_community_big_house_2, grunt_orc_community_big_house_1,
          grunt_orc_community_house_2, grunt_orc_community_house_2,
          grunt_orc_community_house_2, grunt_orc_community_house_2,
          grunt_orc_community_house_2, serial_shops, shop_statue,
          nicolae_shop_overcharged_wands
Elf:1:    elf_arrival_001, layout_gridlike, basic_altar, evilmike_minifort,
          grunt_megastairs_5, minmay_shoptagon
Elf:2:    elven_hall_of_blades_hangedman_alternative
          [mumra_blade_entry_bloodbath], layout_loops_cross,
          nicolae_elf_w_pinch, uniq_nikola
Elf:3:    minmay_elf_hall_not_hex, layout_geoelf_octagon,
          ploomutoo_gammafunk_ghost_potion_laboratory, serial_shops,
          nicolae_square_shop
Vaults:1: v_alt_pattern_3, grunt_vaults_trifunnel, vaults_room_boxed,
          ontoclasm_vaults_shuriken, hellmonk_guarded_unrand_gong,
          nicolae_vaults_little_squares_6, vaults_dpeg_hooks,
          layout_vaults_quadrants
Vaults:2: minmay_crypt_entry_necro_gods, nicolae_vaults_windows_and_doors_thing,
          nicolae_vaults_shelves_hall, grunt_vaults_diagonal,
          vaults_dpeg_diagonal, v_misc_24, nicolae_vaults_network_s,
          vaults_dpeg_encased_lava, v_misc_19, layout_vaults_ring
Vaults:3: ontoclasm_vaults_ring_large, nicolae_vaults_ninety_degrees,
          grunt_vaults_swirl, ontoclasm_vaults_gallery,
          nicolae_vaults_sealed_display, v_misc_2, dpeg_vaults_monster_row,
          nicolae_vaults_network_square, vaults_room_hallway, serial_ice_g,
          layout_vaults_omnicross, serial_shops, bzr_entry_water, uniq_aizul,
          uniq_jory, uniq_mara
Vaults:4: v_misc_3, hangedman_vaults_impose, vaults_room_semicircle,
          vaults_mumra_minichess_inversion, nicolae_vaults_stairing_the_circle,
          ontoclasm_vaults_decontamination, layout_vaults_chaotic_city
Vaults:5
Depths:1: layout_honeycomb, abyss_entry_flame_altar,
          nicolae_concentric_dashed_squares_mild, pf_coc_iceberg, drop_trap,
          nicolae_elyvilon_peaceful_grove
Depths:2: minmay_the_grid_octo_tiled_octocenter_mashed
          [minmay_the_grid_octo_horde, minmay_the_grid_octo_77,
          minmay_the_grid_octo_fat_diamond, minmay_the_grid_octo_focus,
          minmay_the_grid_octo_prize_star,
          minmay_the_grid_square_5x5_two_walls_a,
          minmay_the_grid_square_5x5_forky,
          minmay_the_grid_square_5x5_bracketed,
          minmay_the_grid_square_5x5_one_wall], layout_basic, enter_ziggurat_d,
          rand_demon_pan_entry_7, hangedman_decor_slide_cut, hell_entry,
          infiniplex_staircase_zigzag_2
Depths:3: minmay_polygon_palace, layout_cave_pools, abyss_entry,
          hangedman_ru_absence, hell_entry, serial_bayou_shore_b, uniq_parghit,
          uniq_saint_roka, uniq_grunn
Depths:4: evilmike_zot_entry_gauntlet, layout_gridlike,
          infiniplex_enter_wizlab_water, minmay_misc_feat_cross,
          gammafunk_ghost_mausoleum, nicolae_abyss_entry_one_way_or_another,
          grunt_metal_band, nicolae_ashenzari_skybound
Zot:1:    layout_misc_corridors, st_stairs_13, grunt_ministairs_8
Zot:2:    cheibrodos_zot_enchanting_chambers, layout_concentric_octagons,
          hangedman_zot_decor_tridents
Zot:3:    layout_gridlike, grunt_megastairs_1
Zot:4:    layout_gridlike, nicolae_shop_clearance, grunt_megastairs_4
Zot:5:    layout_basic, basic_altar, bh_zot_lava_cross, lemuel_lake_of_fire

Skill      XL: |  1  2  3  4  5  6  7  8  9 10 11 12 13 14 15 16 17 18 19 20 21 22 23 24 25 |
---------------+----------------------------------------------------------------------------+-----
Fighting       | 2 3 4 5 6 7 8 10 11 12 13 15 16 17 18 20 | 20.9
Evocations     | 3 4 5 6 7 9 10 12 | 12.0
Armour         | 3 4 5 8 10 11 12 13 15 16 17 18 20 | 20.9
Maces & Flails | 3 6 8 10 11 12 13 14 | 14.0
Invocations    | 4 6 8 9 10 11 12 13 14 15 | 15.0
Throwing       | 3 6 8 10 11 13 15 16 17 18 19 20 21 | 21.2
Dodging        | 4 6 8 |  8.0
Shields        | 3 6 10 12 15 16 17 18 20 | 20.9
Axes           | 9 11 13 16 17 18 19 20 | 20.8
Stealth        | 2 6 8 |  8.7
Translocations | 2 8 9 |  9.1
Spellcasting   | 2 |  2.0

Action                   |  1- 3 |  4- 6 |  7- 9 | 10-12 | 13-15 | 16-18 | 19-21 | 22-24 | 25-27 || total
-------------------------+-------+-------+-------+-------+-------+-------+-------+-------+-------++-------
Melee: Club              |    16 |       |       |       |       |       |       |       |       ||    16
       Headbutt          |    10 |    22 |    33 |    73 |   210 |   285 |   332 |   478 |    65 ||  1508
       Staff             |    11 |    15 |       |       |       |       |       |       |       ||    26
       Short sword       |    31 |    41 |    45 |       |       |       |       |       |       ||   117
       Punch             |     1 |     1 |     3 |     8 |     2 |       |       |       |       ||    15
       Dagger            |       |    87 |       |       |       |       |       |       |       ||    87
       Mace              |       |       |   134 |   177 |       |       |       |       |       ||   311
       War axe           |       |       |       |    10 |       |       |       |       |       ||    10
       Flail             |       |       |       |   185 |   987 |  1088 |   504 |       |       ||  2764
       Broad axe         |       |       |       |       |    30 |    53 |   636 |  1464 |   208 ||  2391
 Fire: Sling             |    94 |    10 |     4 |       |       |       |       |       |       ||   108
Throw: Dart              |       |       |     2 |     4 |     4 |    13 |       |     8 |    14 ||    45
       Boomerang         |       |       |     1 |    25 |   243 |   320 |   316 |   146 |   146 ||  1197
       Throwing net      |       |       |     1 |       |       |       |       |       |       ||     1
       Javelin           |       |       |       |     9 |    42 |    60 |    71 |    47 |    63 ||   292
 Cast: Apportation       |       |       |       |       |       |       |     9 |     8 |    10 ||    27
Invok: Heal Other        |       |       |     5 |     7 |       |       |       |       |       ||    12
       Purification      |       |       |     1 |     3 |       |       |       |       |       ||     4
       Heal Self         |       |       |     1 |       |       |       |       |       |       ||     1
       Heroism           |       |       |       |     4 |    17 |    22 |    21 |    23 |     6 ||    93
       Finesse           |       |       |       |       |     7 |     9 |    12 |    11 |     6 ||    45
       Duel              |       |       |       |       |       |     1 |       |     2 |       ||     3
 Abil: Evoke Invisibilit |       |       |       |       |       |     3 |     1 |       |       ||     4
Evoke: Wand              |     2 |    14 |    15 |    17 |     5 |     1 |     3 |     7 |     3 ||    67
       Condenser vane    |       |       |       |       |       |       |     2 |     5 |       ||     7
       Phial of floods   |       |       |       |       |       |       |     1 |       |       ||     1
  Use: Scroll            |     2 |     3 |     5 |     7 |     9 |    10 |    13 |    12 |     3 ||    64
       Potion            |       |     2 |     1 |     4 |     4 |     5 |     4 |     6 |     6 ||    32
 Stab: Sleeping          |     1 |       |       |       |       |       |       |       |       ||     1
       Paralysed         |       |       |     7 |     3 |     6 |       |     8 |     4 |       ||    28
       Petrified         |       |       |       |       |     2 |       |       |       |       ||     2
       Confused          |       |       |       |       |       |     1 |       |       |       ||     1
       Invisible         |       |       |       |       |       |     5 |     3 |       |       ||     8
Armor: Leather armour    |    11 |       |       |       |       |       |       |       |       ||    11
       Chain mail        |       |    50 |     3 |       |     9 |       |       |       |       ||    62
       Ring mail         |       |    15 |       |       |       |       |       |       |       ||    15
       Plate armour      |       |       |   115 |   308 |   510 |   504 |   514 |   138 |       ||  2089
       Gold dragon scale |       |       |       |       |       |       |       |   681 |    94 ||   775
Dodge: Dodged            |    40 |    54 |    61 |   171 |   349 |   379 |   338 |   305 |    37 ||  1734
Block: Kite shield       |       |       |       |       |   520 |   741 |   749 |   171 |       ||  2181
       Tower shield      |       |       |       |       |       |       |       |  1086 |   175 ||  1261

Table legend: (Time is in decaauts)
 A = Elapsed time spent in this place.
 B = Non-inter-level travel time spent in this place.
 C = Inter-level travel time spent in this place.
 D = Time resting spent in this place.
 E = Time spent auto-exploring this place.
 F = Levels seen in this place.
 G = Mean time per level.
                   A        B        C        D        E       F      G
               +--------+--------+--------+--------+--------+-----+--------+
         Total |  61642 |  54400 |   7242 |   5563 |  33588 |  62 |  994.2 |
       Dungeon |  22666 |  19654 |   3012 |   3757 |  10417 |  15 | 1511.1 |
        Temple |     92 |     61 |     31 |      0 |     30 |   1 |   92.0 |
          Lair |   5545 |   4753 |    792 |     88 |   3445 |   5 | 1109.0 |
        Shoals |   4497 |   4287 |    210 |    394 |   2606 |   4 | 1124.2 |
   Spider Nest |   4519 |   4174 |    345 |     37 |   3229 |   4 | 1129.8 |
    Slime Pits |   1103 |   1043 |     60 |    286 |    414 |   5 |  220.6 |
  Orcish Mines |   2209 |   1676 |    533 |    123 |   1161 |   2 | 1104.5 |
   Elven Halls |   3783 |   3253 |    530 |     10 |   2273 |   3 | 1261.0 |
        Vaults |   7734 |   6914 |    820 |    108 |   5293 |   5 | 1546.8 |
        Depths |   4973 |   4409 |    564 |     74 |   3086 |   4 | 1243.2 |
           Zot |   2696 |   2354 |    342 |    108 |   1160 |   5 |  539.2 |
        Bazaar |     63 |     63 |      0 |      0 |     50 |   1 |   63.0 |
         Trove |     52 |     52 |      0 |      0 |     13 |   1 |   52.0 |
        Bailey |    615 |    615 |      0 |    268 |    186 |   1 |  615.0 |
      Ice Cave |    564 |    564 |      0 |    157 |    175 |   1 |  564.0 |
       Volcano |    438 |    438 |      0 |    122 |     49 |   1 |  438.0 |
        Wizlab |     26 |     26 |      0 |      0 |      0 |   1 |   26.0 |
         Arena |     60 |     60 |      0 |     27 |      0 |   3 |   20.0 |
               +--------+--------+--------+--------+--------+-----+--------+

Top non-repeatable levels by time:
     D:2: 3550 daAuts
     D:3: 2683 daAuts
     D:4: 2351 daAuts
     D:1: 2080 daAuts
Vaults:1: 1862 daAuts
     D:9: 1708 daAuts
Vaults:3: 1632 daAuts
Vaults:5: 1592 daAuts
   Elf:3: 1452 daAuts
Depths:4: 1447 daAuts
   Zot:5: 1413 daAuts
Spider:1: 1397 daAuts
   Orc:2: 1373 daAuts
Vaults:2: 1348 daAuts
  Lair:3: 1342 daAuts
